 Dungeon Crawl Stone Soup version 0.27.1-33-g824d729ab1 (webtiles) character file.

Game seed: 14404678985865072991

265 demibob the Cutter (level 5, 45/45 HPs)
             Began as a Minotaur Wanderer on Dec 8, 2021.
             Was a Follower of Sif Muna.
             Quit the game on level 3 of the Dungeon.
             The game lasted 00:03:00 (1877 turns).

demibob the Cutter (Minotaur Wanderer)              Turns: 1877, Time: 00:03:01

Health: 45/45      AC:  9    Str: 16    XL:     5   Next: 99%
Magic:  4/4        EV:  9    Int:  9    God:    Sif Muna [*.....]
Gold:   148        SH:  0    Dex: 11    Spells: 4/4 levels left

rFire    . . .     SeeInvis .   f - +2 dagger (venom)
rCold    . . .     Faith    .   (no shield)
rNeg     . . .     Spirit   .   c - +3 scale mail
rPois    .         Reflect  .   (helmet restricted)
rElec    .         Harm     .   (no cloak)
rCorr    .         Rampage  .   (no gloves)
Will     .....                  (no boots)
Stlth    ..........             (no amulet)
HPRegen  0.15/turn              (no ring)
MPRegen  0.09/turn              (no ring)

@: no status effects
A: horns 2, retaliatory headbutt, MP-powered wands
a: Renounce Religion, Channel Magic


You were on level 3 of the Dungeon.
You worshipped Sif Muna.
Sif Muna was aware of your devotion.
You visited 1 branch of the dungeon, and saw 3 of its levels.

You collected 148 gold pieces.


Innate Abilities, Weirdness & Mutations

You have a pair of horns on your head.
You reflexively headbutt those who attack you in melee.
You expend magic power (3 MP) to strengthen your wands.


   Skills:
 - Level 3.6 Fighting
 + Level 7.0 Short Blades
 - Level 2.4 Armour
 - Level 1.1 Dodging
 - Level 1.7 Evocations


You had 4 spell levels left.
You didn't know any spells.
Your spell library was empty.

Inventory:

Hand Weapons
 a - a +0 short sword
 f - a +2 dagger of venom (weapon)
Armour
 c - a +3 scale mail (worn)
 h - a +0 pair of boots
Scrolls
 b - 2 scrolls of teleportation {@r2}
 e - a scroll of amnesia {unknown}
 i - a scroll of noise {unknown}
 j - a scroll of enchant armour
Potions
 d - a potion of haste {@q3}
 g - a potion of brilliance
 k - a potion of ambrosia {unknown}
 l - 2 potions of magic {unknown}
 m - a potion of curing {@q1}

Dungeon Overview and Level Annotations

Branches:
Dungeon (3/15)

Altars:
Elyvilon
Sif Muna

##########
#.........
#.#######.
#######.# .
###....##.#^# #
#..^@.....#.#.#
#.#^..........#.
#.##.###.........
#. #.# #.##.#####
#. #.# #.# .# #.
#.# #.# .. #> #.#
#.# ## ##+##
#.##.###.#
##...##
#........#
##.....#


There were no monsters in sight!


Message History

The bat barely misses you. You furiously retaliate!
You headbutt the bat, but do no damage. The bat barely misses you.
You furiously retaliate!
You headbutt the bat!
You kill the bat!
The adder bites you but does no damage.
You miss the adder. The adder closely misses you.
You hit the adder.
The adder is poisoned.
Your headbutt misses the adder.
The adder is heavily wounded.
The adder bites you but does no damage.
You closely miss the adder.
The adder is heavily wounded.
You miss the adder.
The adder is severely wounded.
You kill the adder!
Your Short Blades skill increases to level 7!
No target in view!
No target in view!
No target in view!
You see here a +0 short sword.
Found 10 gold pieces.
Found a faded altar of an unknown god.
You now have 148 gold pieces (gained 10).
There is a faded altar of an unknown god here.
Found a stone staircase leading down.
There is a faded altar of an unknown god here.
You cannot tell which god this altar belongs to.
Convert to them anyway?
Sif Muna accepts your prayer! Sif Muna welcomes you!
You can now call upon Sif Muna for magical energy.
Are you sure you want to abandon this character and quit the game? (Confirm with "yes".)

Skill      XL: |  1  2  3  4  5 |
---------------+----------------+-----
Short Blades   | 3 4 6 7 |  7.0
Fighting       | |  3.6
Armour         | |  2.4
Dodging        | |  1.1
Evocations     | |  1.7

Action                   |  1- 3 |  4- 6 || total
-------------------------+-------+-------++-------
Melee: Dagger            |    70 |    36 ||   106
       Headbutt          |    16 |     4 ||    20
       Short sword       |     5 |       ||     5
  Use: Potion            |     2 |     2 ||     4
       Scroll            |     1 |       ||     1
Armor: Scale mail        |    29 |    19 ||    48
Dodge: Dodged            |    31 |    13 ||    44

Levels and vault maps discovered:
D:1:      mushboom_english_gardens, layout_basic
D:2:      layout_loops_ring, basic_altar, eino_curves_03, chequers_garden,
          uniq_terence, uniq_sigmund, uniq_robin
D:3:      layout_loops_corners, nicolae_ru_the_path_less_chosen,
          ebering_ecumenical_altar_webs, dk_vineyard_3

Notes
Turn   | Place    | Note
-------+----------+-------------------------------------------
     0 | D:1      | demibob the Minotaur Wanderer began the quest for the Orb.
     0 | D:1      | demibob set off with the following items: a +0 short sword,
                  | a scroll of teleportation {@r2}, a +2 scale mail
     0 | D:1      | Reached XP level 1. HP: 19/19 MP: 0/0
   288 | D:1      | Reached skill level 3 in Short Blades
   426 | D:1      | Reached XP level 2. HP: 26/26 MP: 1/1
   645 | D:2      | Found a white marble altar of Elyvilon.
   689 | D:2      | Noticed Terence
   727 | D:2      | Killed Terence
   728 | D:2      | Reached skill level 4 in Short Blades
   728 | D:2      | Reached XP level 3. HP: 11/31 MP: 2/2
  1048 | D:2      | Noticed Robin
  1056 | D:2      | Killed Robin
  1156 | D:2      | Reached XP level 4. HP: 39/39 MP: 3/3
  1233 | D:2      | Reached skill level 5 in Short Blades
  1356 | D:2      | Noticed Sigmund
  1362 | D:2      | Gained mutation: You expend magic power (3 MP) to
                  | strengthen your wands. [potion of mutation]
  1369 | D:2      | Killed Sigmund
  1370 | D:2      | Reached skill level 6 in Short Blades
  1370 | D:2      | Reached XP level 5. HP: 25/45 MP: 4/4
  1842 | D:3      | Reached skill level 7 in Short Blades
  1853 | D:3      | Found a faded altar of an unknown god.
  1876 | D:3      | Became a worshipper of Sif Muna the Loreminder
  1876 | D:3      | Reached * piety under Sif Muna
  1877 | D:3      | Quit the game

Vanquished Creatures
  Sigmund (D:2)
  Terence (D:2)
  Robin (D:2)
  3 adders
  3 dart slugs
  3 endoplasms
  A giant cockroach (D:1)
  4 hobgoblins
  A quokka (D:2)
  3 ball pythons
  6 bats
  2 frilled lizards
  9 goblins (D:2)
  4 kobolds
  2 rats (D:2)
44 creatures vanquished.

Table legend: (Time is in decaauts)
 A = Elapsed time spent in this place.
 B = Non-inter-level travel time spent in this place.
 C = Inter-level travel time spent in this place.
 D = Time resting spent in this place.
 E = Time spent auto-exploring this place.
 F = Levels seen in this place.
 G = Mean time per level.
                   A        B        C        D        E       F      G
               +--------+--------+--------+--------+--------+-----+--------+
         Total |   1852 |   1811 |     41 |    133 |   1426 |   3 |  617.3 |
       Dungeon |   1852 |   1811 |     41 |    133 |   1426 |   3 |  617.3 |
               +--------+--------+--------+--------+--------+-----+--------+

Top non-repeatable levels by time:
     D:2: 956 daAuts
     D:1: 602 daAuts
     D:3: 293 daAuts

Table legend:
 A = Non-vault XP
 B = Vault XP
 C = Vault XP percentage of total XP
 D = Non-vault monster count
 E = Vault monster count
 F = Vault count percentage of total count
                 A         B        C        D         E       F
            +---------+---------+-------+---------+---------+-------
      Total |      85 |     294 |  77.6 |      30 |      14 |  31.8
            +---------+---------+-------+---------+---------+-------
        D:1 |      14 |       0 |   0.0 |       8 |       0 |   0.0
        D:2 |      29 |     294 |  91.0 |      13 |      14 |  51.9
        D:3 |      42 |       0 |   0.0 |       9 |       0 |   0.0
            +---------+---------+-------+---------+---------+-------
